AoeStats
← fdsalamanca

Arabia

509688547Analyzed
1v1 RM · 4d ago on Sep 27, 2026· 40m 10s· 2 players
Game mode
Random Map
Map size
Tiny (2 player)
Population
200
Speed
Normal
Resources
Standard
Victory
Conquest
Starting age
Dark Age
Ending age
Imperial Age
RankedLock teamsTeams togetherTeam positionsShared explorationLock speedFull tech treeHidden civsTurbo modeCheats
Victory
Defeat
🇵🇱 Armenians · Poland
1111
+16
🇨🇱 Mongols · Chile
1110
-16
fdsalamanca
5:02 Loom
8:30 Feudal Age
9:09 Double-Bit Axe
9:36 Town Watch
13:19 Arson
16:25 Gold Mining
17:46 Horse Collar
22:38 Castle Age
21:43 Fletching
22:20 Padded Archer Armor
26:30 Bloodlines
28:04 Scale Barding Armor
33:24 Wheelbarrow
33:01 Bloodlines
33:48 Bow Saw
33:40 Heavy Plow
33:57 Scale Mail Armor
35:44 Hand Cart
36:13 Stone Mining
36:14 Gold Mining
37:28 Husbandry
38:37 Town Patrol
39:32 Bodkin Arrow
39:58 Chain Barding Armor
Peres
10:37 Feudal Age
10:46 Man-at-Arms
12:56 Long Swordsman
14:56 Arson
17:53 Scale Mail Armor
18:09 Horse Collar
24:28 Castle Age
24:32 Two-Handed Swordsman
24:38 Elite Skirmisher
25:34 Forging
25:53 Fletching
28:43 Squires
30:51 Iron Casting
30:11 Double-Bit Axe
30:18 Gold Mining
30:31 Heavy Plow
32:13 Fervor
36:22 Bow Saw
38:12 Sanctity
39:57 Champion
Connection lost

Rejoining the realm…

Still unreachable

The connection could not be restored.

Session expired

The server has moved on; the page needs a fresh start.